 Dungeon Crawl Stone Soup version 0.29-a0-283-ga02f740833 (webtiles) character file.

Game seed: 16340803538838357941

99 Anunax the Stinger (level 4, -1/30 HPs)
             Began as a Demonspawn Venom Mage on Mar 13, 2022.
             Slain by Pargi (3 damage)
             ... in a sewer.
             The game lasted 00:09:17 (3297 turns).

Anunax the Stinger (Demonspawn Venom Mage)          Turns: 3297, Time: 00:09:18

Health: -1/30      AC:  2    Str:  8    XL:     4   Next: 45%
Magic:  0/8        EV:  9    Int: 19    God:
Gold:   109        SH:  0    Dex: 13    Spells: 7/8 levels left

rFire   . . .      SeeInvis .   (no weapon)
rCold   . . .      Faith    .   (no shield)
rNeg    . . .      Spirit   +   a - +0 robe
rPois   .          Reflect  .   (helmet restricted)
rElec   .          Harm     .   (no cloak)
rCorr   .          Rampage  .   (no gloves)
Will    .....                   (no boots)
Stlth   ++........              g - amulet of guardian spirit
HPRegen 0.10/turn               (no ring)
MPRegen 0.11/turn               (no ring)

@: constricted
A: claws 1, hooves 1, horns 1
a: no special abilities


You were in a sewer.
You visited 1 branch of the dungeon, and saw 3 of its levels.
You also visited: Sewer.

You collected 109 gold pieces.

Inventory:

Armour
 a - a +0 robe (worn)
Jewellery
 d - a ring of positive energy
 g - an amulet of guardian spirit (around neck)
 i - an amulet of the acrobat
Scrolls
 c - a scroll of enchant weapon {unknown}
 f - 2 scrolls of identify {unknown}
 h - a scroll of blinking {unknown}
 j - 2 scrolls of enchant armour {unknown}
 l - 2 scrolls of torment {unknown}
 o - a scroll of fog {unknown}
Potions
 b - a potion of magic
 e - a potion of berserk rage {unknown}
 k - a potion of curing {unknown}
 m - 2 potions of invisibility {unknown}
 n - a potion of experience {unknown}
 p - a potion of heal wounds {unknown}


   Skills:
 + Level 0.2 Fighting
 + Level 1.8 Dodging
 + Level 2.4 Stealth
 + Level 2.9 Spellcasting
 + Level 1.8 Transmutations
 + Level 3.7 Poison Magic


You had 7 spell levels left.
You knew the following spells:

 Your Spells              Type           Power      Damage    Failure   Level
a - Sting                 Tmut/Pois      52%        1d5       4%          1

Your spell library contained the following spells:

 Spells                   Type           Power      Damage    Failure   Level
 Poisonous Vapours        Pois/Air       18%        N/A       11%         2
 Apportation              Tloc           4%         N/A       16%         1
 Mephitic Cloud           Conj/Pois/Air  7%         N/A       26%         3
 Olgreb's Toxic Radiance  Pois           17%        N/A       32%         4
 Alistair's Intoxication  Tmut/Pois      8%         N/A       80%         5


Dungeon Overview and Level Annotations

Branches:
Dungeon (3/15)              Sewer (1/1)

Altars:

Annotations:
Sewer Pargi


Innate Abilities, Weirdness & Mutations

You have sharp fingernails.
You have large cloven feet.
You have a pair of small horns on your head.


Message History

The ball python constricts you.
You escape the ball python's grasp.
You enter the shallow water.
Moving in this stuff is going to be slow.
The ball python bites you but does no damage.
The ball python closely misses you.
The ball python attacks as you move away!
The ball python bites you. The ball python barely misses you.
The ball python attacks as you move away!
The ball python bites you.
* * * LOW HITPOINT WARNING * * *
The ball python completely misses you.
There is a gate leading back out of this place here.
Pargi looks more healthy.
The ball python closely misses you. The ball python barely misses you.
Pargi looks around nervously.
The ball python closely misses you. The ball python grabs you.
You stop ascending the stairs.
The ball python constricts you.
Casting: Sting (safe; 4% risk of failure)
Confirm with . or Enter, or press ? or * to list all spells.
Aiming: Sting (safe; 4% risk of failure)
Press: ? - help, Shift-Dir - straight line, f/p - Pargi
Aim: Pargi (moderately wounded, 64% to hit)
The sting hits Pargi.
Pargi is poisoned.
Pargi is moderately wounded.
Pargi bites you.
* * * LOW HITPOINT WARNING * * *
Pargi closely misses you. Pargi barely misses you. The ball python bites you.
* * * LOW HITPOINT WARNING * * *
The ball python constricts you.
Casting: Sting (safe; 4% risk of failure)
Confirm with . or Enter, or press ? or * to list all spells.
Aiming: Sting (safe; 4% risk of failure)
Press: ? - help, Shift-Dir - straight line, f/p - Pargi
Aim: Pargi (moderately wounded, poisoned, 64% to hit)
The sting hits Pargi.
Pargi looks even sicker.
Pargi is heavily wounded.
Pargi bites you.
* * * LOW HITPOINT WARNING * * *
Pargi claws you.
You die...

≈≈≈≈≈≈≈≈≈≈..#
####≈≈≈≈≈≈≈≈≈≈≈≈≈##
≈≈≈≈≈≈≈.≈.###
##..≈≈≈≈≈≈≈≈≈≈≈#
≈≈≈≈≈≈≈##.#
####≈≈≈≈≈≈≈≈≈≈≈
≈≈≈≈≈≈.####
###.≈≈≈≈≈≈≈≈
≈≈≈≈≈.## ##≈≈≈≈≈≈≈≈
≈≈≈≈.## #.≈≈≈≈≈≈≈≈
≈≈≈≈≈≈# #####
##≈≈≈≈≈≈≈≈ ≈≈≈≈≈.##
#...#######.≈≈≈≈≈≈≈
≈≈≈≈≈≈≈##
#.@S.≈.≈.≈.≈≈≈≈≈≈≈≈
≈≈≈≈≈≈≈∩##
#.(T#######.≈≈≈≈≈≈≈
≈≈≈≈≈≈≈∩.# #####
#.≈≈≈≈≈≈≈
≈≈≈≈≈≈≈.##
##.≈≈≈≈≈≈ ≈≈≈≈≈≈###
###.≈≈≈≈≈≈ ≈≈≈≈≈≈≈
#.≈≈≈≈≈≈≈≈ ≈≈≈≈≈≈≈
###.≈≈≈≈≈≈≈≈ ≈≈≈≈≈≈
##.#≈≈≈≈≈≈≈≈≈ ≈≈≈≈≈
#.≈≈≈≈≈≈≈≈≈≈≈


You could see Pargi (very poisoned) and a ball python.

Vanquished Creatures
  3 adders
  5 worms
  A dart slug (D:2)
  8 bats
  3 endoplasms (D:1)
  A giant cockroach (D:2)
  8 goblins
  3 hobgoblins
  2 quokkas (D:2)
  6 ball pythons
  5 frilled lizards
  7 kobolds
  4 rats
56 creatures vanquished.

Notes
Turn   | Place    | Note
-------+----------+-------------------------------------------
     0 | D:1      | Anunax the Demonspawn Venom Mage began the quest for the
                  | Orb.
     0 | D:1      | Reached XP level 1. HP: 13/13 MP: 3/3
   604 | D:1      | Discovered your monstrous ancestry.
   604 | D:1      | Gained mutation: You have sharp fingernails. [demonic
                  | ancestry]
   604 | D:1      | Reached XP level 2. HP: 19/19 MP: 0/5
   959 | D:1      | Reached skill level 1 in Transmutations
  1365 | D:1      | Gained mutation: You have large cloven feet. [demonic
                  | ancestry]
  1365 | D:1      | Reached XP level 3. HP: 24/24 MP: 1/6
  2497 | D:2      | Gained mutation: You have a pair of small horns on your
                  | head. [demonic ancestry]
  2497 | D:2      | Reached XP level 4. HP: 25/30 MP: 0/8
  3063 | D:3      | Found a glowing drain.
  3127 | Sewer    | Entered a sewer
  3274 | Sewer    | Noticed Pargi
  3297 | Sewer    | Slain by Pargi

Illustrated notes

Levels and vault maps discovered:
D:1:      minmay_arrival_arboretum_small, layout_loops_corners,
          grunt_decor_clamped, minmay_statues_item
D:2:      layout_basic, minivault_23
D:3:      layout_loops_corners, nemelex_xobeh_ov_fountains_minmay,
          dilly_ecumenical_altar_fadedgnrine, cheibrodos_sewer_entry_sluice
Sewer:    sewer_co_pargi_island

Skill      XL: |  1  2 |
---------------+-------+-----
Stealth        | 2 |  2.4
Transmutations | 1 |  1.8
Fighting       | |  0.2
Dodging        | |  1.8
Spellcasting   | |  2.9
Poison Magic   | |  3.7

Action                   |  1- 3 |  4- 6 || total
-------------------------+-------+-------++-------
Melee: Unarmed           |    17 |     5 ||    22
       Kick              |     2 |     3 ||     5
 Cast: Sting             |    99 |    31 ||   130
Armor: Robe              |    19 |     5 ||    24
Dodge: Dodged            |    26 |    31 ||    57

Table legend: (Time is in decaauts)
 A = Elapsed time spent in this place.
 B = Non-inter-level travel time spent in this place.
 C = Inter-level travel time spent in this place.
 D = Time resting spent in this place.
 E = Time spent auto-exploring this place.
 F = Levels seen in this place.
 G = Mean time per level.
                   A        B        C        D        E       F      G
               +--------+--------+--------+--------+--------+-----+--------+
         Total |   3316 |   3283 |     33 |    934 |   1858 |   4 |  829.0 |
       Dungeon |   3127 |   3094 |     33 |    873 |   1809 |   3 | 1042.3 |
         Sewer |    188 |    188 |      0 |     61 |     49 |   1 |  188.0 |
               +--------+--------+--------+--------+--------+-----+--------+

Top non-repeatable levels by time:
     D:1: 1794 daAuts
     D:2: 1150 daAuts
   Sewer: 188 daAuts
     D:3: 183 daAuts
